 Dungeon Crawl Stone Soup version 0.20.1-1-g8b1a95d (webtiles) character file.

947 FollowTheCloud the Chopper (level 7, -6/59 (62) HPs)
             Began as a Minotaur Gladiator on Aug 23, 2017.
             Was a Follower of Okawaru.
             Killed by nerve-wracking pain
             ... invoked by Grinder
              (12 damage)
             ... on level 5 of the Dungeon.
             The game lasted 00:12:09 (4402 turns).

FollowTheCloud the Chopper (Minotaur Gladiator)     Turns: 4402, Time: 00:12:10

HP:   -6/59 (62)    AC:  4    Str: 21    XL:     7   Next: 89%
MP:   6/6           EV: 12    Int:  5    God:    Okawaru [*.....]
Gold: 227           SH:  0    Dex: 11    Spells: 6/6 levels left

rFire    . . .     SeeInvis .   a - +0 war axe
rCold    . . .     Gourm    .   (no shield)
rNeg     . . .     Faith    .   b - +0 leather armour
rPois    .         Spirit   .   c - +0 hat
rElec    .         Reflect  .   (no cloak)
rCorr    .         Harm     .   (no gloves)
MR       .....                  p - +0 pair of boots
Stlth    +.........             (no amulet)
Regen    0.2/turn               (no ring)
MPRegen  0.1/turn               (no ring)

@: no status effects
A: retaliatory headbutt, horns 2
a: Heroism, Renounce Religion


You were on level 5 of the Dungeon.
You worshipped Okawaru.
Okawaru was aware of your devotion.
You were not hungry.

You visited 2 branches of the dungeon, and saw 6 of its levels.

You collected 227 gold pieces.

Inventory:

Hand Weapons
 a - a +0 war axe (weapon)
 y - a +0 arbalest
Missiles
 d - 4 throwing nets (quivered)
 s - 60 bolts
Armour
 b - a +0 leather armour (worn)
 c - a +0 hat (worn)
 p - a +0 pair of boots (worn)
Jewellery
 x - a cursed -3 ring of evasion {unknown}
 C - an uncursed amulet of the gourmand {unknown}
Wands
 g - a wand of confusion (28/48)
 D - a wand of disintegration (2/24)
Scrolls
 e - 4 scrolls of remove curse {unknown}
 i - 5 scrolls of identify {unknown}
 j - 2 scrolls of fog {unknown}
 o - a scroll of magic mapping {unknown}
 t - 2 scrolls of immolation {unknown}
 u - a scroll of enchant armour {unknown}
 w - 2 scrolls of teleportation {unknown}
 z - a scroll of enchant weapon {unknown}
 F - a scroll of recharging {unknown}
Potions
 l - 2 potions of brilliance {unknown}
 m - a potion of heal wounds {unknown}
 n - a potion of flight {unknown}
 q - 3 potions of curing {unknown}
 r - 2 potions of berserk rage {unknown}
 v - a potion of magic {unknown}
 B - 2 potions of agility {unknown}
 E - 2 potions of resistance {unknown}
Books
 A - a book of Necromancy

   Spells                             Type                      Level
   a - Pain                           Necromancy                   1
   b - Animate Skeleton               Necromancy                   1
   c - Vampiric Draining              Necromancy                   3
   d - Regeneration                   Charms/Necromancy            3
   e - Animate Dead                   Necromancy                   4
   f - Control Undead                 Necromancy                   4
Comestibles
 f - 2 bread rations
 h - 5 meat rations
 k - 2 royal jellies


   Skills:
 + Level 5.9 Fighting
 + Level 6.5 Axes
 + Level 4.4 Crossbows
 - Level 2.0 Throwing
 + Level 5.3 Armour
 - Level 3.2 Dodging


You had 6 spell levels left.
You didn't know any spells.

Dungeon Overview and Level Annotations

Branches:
Dungeon (5/15)             Temple (1/1) D:4

Altars:
Cheibriados
Dithmenos
Elyvilon
Fedhas
Gozag
Hepliaklqana
Kikubaaqudgha
Okawaru
Ru
Uskayaw
Zin
The Shining One

Annotations:
D:5 Grinder


Innate Abilities, Weirdness & Mutations

You reflexively headbutt those who attack you in melee.
You have a pair of horns on your head.


Message History

You closely miss Grinder.
Grinder is moderately wounded.
Grinder gestures at you.
You suddenly lose the ability to move!
Grinder hits you!
* * * LOW HITPOINT WARNING * * *
You can move again.
You slash Grinder!
Grinder is heavily wounded.
Grinder hits you but does no damage.
You barely miss Grinder.
Grinder is heavily wounded.
Grinder hits you.
* * * LOW HITPOINT WARNING * * *
You writhe in agony.
* * * LOW HITPOINT WARNING * * *
Grinder says, "Tell me all your secrets, or I'll kill you."
Grinder gestures at you. Pain shoots through your body!
You die...

###.#####
.......(#
.....%..#
....(...#
........#
........#
.......5#
#@#
#......#
#..#####
#


You could see Grinder.

Vanquished Creatures
  A hippogriff (D:4)
  Eustachio (D:4)
  A necrophage (D:4)
  2 ogres (D:4)
  A water moccasin skeleton (D:3)
  An orc priest (D:4)
  2 worker ants
  Robin (D:4)
  7 adders
  7 gnolls
  An adder skeleton (D:4)
  4 worms
  A leopard gecko (D:1)
  12 orcs
  7 bats
  2 giant cockroaches (D:2)
  17 goblins
  5 hobgoblins
  3 jackals
  7 kobolds
  A frilled lizard (D:4)
  A jackal skeleton (D:4)
  2 leopard gecko skeletons (D:4)
  8 rats
95 creatures vanquished.

Notes
Turn   | Place    | Note
-------+----------+-------------------------------------------
     0 | D:1      | FollowTheCloud the Minotaur Gladiator began the quest for the Orb.
     0 | D:1      | Reached XP level 1. HP: 18/18 MP: 0/0
   164 | D:1      | Reached skill level 1 in Armour
   230 | D:1      | Reached XP level 2. HP: 25/25 MP: 1/1
   290 | D:1      | Reached skill level 4 in Axes
   969 | D:2      | Reached XP level 3. HP: 12/31 MP: 2/2
  1986 | D:3      | Reached skill level 1 in Crossbows
  1986 | D:3      | Reached XP level 4. HP: 33/40 MP: 3/3
  2383 | D:3      | Reached XP level 5. HP: 46/46 MP: 4/4
  2552 | D:3      | Reached skill level 5 in Axes
  2785 | D:4      | Found a staircase to the Ecumenical Temple.
  2798 | Temple   | Entered the Ecumenical Temple
  2857 | Temple   | Became a worshipper of Warmaster Okawaru
  2951 | D:4      | Noticed Eustachio
  2958 | D:4      | Killed Eustachio
  2958 | D:4      | Reached XP level 6. HP: 29/53 MP: 5/5
  3421 | D:4      | Noticed Robin
  3432 | D:4      | Killed Robin
  3439 | D:4      | Noticed a hippogriff
  3448 | D:4      | Killed a hippogriff
  3448 | D:4      | Reached * piety under Okawaru
  3448 | D:4      | Reached skill level 5 in Fighting
  3448 | D:4      | Reached skill level 6 in Axes
  3448 | D:4      | Reached XP level 7. HP: 17/61 MP: 6/6
  3634 | D:4      | Found a shadowy altar of Dithmenos.
  4103 | D:4      | Reached skill level 5 in Armour
  4182 | D:5      | Entered Level 5 of the Dungeon
  4182 | D:5      | Noticed Grinder
  4183 | D:5      | Paralysed by Grinder for 7 turns
  4399 | D:5      | Paralysed by Grinder for 2 turns
  4402 | D:5      | Killed from afar by Grinder

Skill      XL: |  1  2  3  4  5  6  7 |
---------------+----------------------+-----
Armour         | 1 2 3 4 5 |  5.3
Axes           | 4 5 6 |  6.5
Fighting       | 3 4 5 |  5.9
Crossbows      | 1 2 3 4 |  4.4
Throwing       | |  2.0
Dodging        | |  3.2

Action                   |  1- 3 |  4- 6 |  7- 9 || total
-------------------------+-------+-------+-------++-------
Melee: War axe           |    69 |    69 |    33 ||   171
       Headbutt          |    10 |    16 |     2 ||    28
 Fire: Arbalest          |       |     6 |    17 ||    23
Evoke: Wand              |       |     4 |     1 ||     5
  Eat: Chunk             |     3 |     5 |     3 ||    11
Armor: Leather armour    |    25 |    10 |     4 ||    39
Dodge: Dodged            |    51 |    46 |    23 ||   120
